 Dungeon Crawl Stone Soup version 0.28.0-43-g3370ac3207 (webtiles) character file.

Game seed: 1149056923436562185

56586 adizb the Thaumaturge (level 14, -9/99 HPs)
             Began as a Demonspawn Monk on Mar 13, 2022.
             Was the Champion of Hepliaklqana.
             Killed by divine providence
             ... invoked by an orc priest
              (17 damage)
             ... on level 2 of the Orcish Mines.
             The game lasted 02:04:37 (14287 turns).

adizb the Thaumaturge (Demonspawn Monk)            Turns: 14287, Time: 02:04:37

Health: -9/99      AC: 17    Str: 16    XL:     14   Next: 42%
Magic:  17/30      EV: 16    Int: 17    God:    Hepliaklqana [******]
Gold:   1681       SH: 14    Dex: 23    Spells: 29/37 levels left

rFire   . . .      SeeInvis +   I - +5 morningstar "Jathry" {spect, rPois}
rCold   . . .      Faith    .   U - +3 buckler
rNeg    . . .      Spirit   .   T - +3 ring mail
rPois   +          Reflect  .   m - +0 helmet
rElec   .          Harm     .   y - +1 cloak
rCorr   .          Rampage  .   b - +2 pair of gloves {infuse}
Will    +....                   (no boots)
Stlth   ++........              o - amulet of regeneration
HPRegen 1.06/turn               h - +6 ring of dexterity
MPRegen 0.22/turn               D - ring of see invisible

@: studying Spellcasting
A: reduced essence, hooves 1, spiny 3, big brain 3, condensation shield
a: Renounce Religion, Recall Ancestor, Ancestor Identity, Transference, Idealise


You were on level 2 of the Orcish Mines.
You worshipped Hepliaklqana.
Hepliaklqana was exalted by your worship.
You visited 4 branches of the dungeon, and saw 19 of its levels.
You visited the Abyss 1 time.
You also visited: Bailey.

You collected 1681 gold pieces.

Inventory:

Hand Weapons
 a - a +3 hunting sling of freezing
 r - a +2 trident of venom
 A - a +0 hand axe of flaming
 I - the +5 morningstar "Jathry" (weapon) {spect, rPois}
   (You found it on level 9 of the Dungeon)

   When its wielder attacks, the weapon's spirit leaps out and strikes again.
   The spirit shares a part of any damage it takes with its wielder.
   rPois:     It protects you from poison.
Missiles
 v - 146 sling bullets
 G - a curare-tipped dart
 J - 4 boomerangs of dispersal
Armour
 b - a +2 pair of gloves of infusion (worn)
 c - a +2 chain mail of fire resistance
 m - a +0 helmet (worn)
 p - a +0 scale mail of poison resistance
 q - the +2 ring mail of the Sacrificial Victim {rN++ Dex-2}
   (You found it on level 4 of the Lair of Beasts)

   Dex:       It affects your dexterity (-2).
   rN:        It greatly protects you from negative energy.
 y - a +1 cloak (worn)
 E - a +0 ring mail of fire resistance
 T - a +3 ring mail (worn)
 U - a +3 buckler (worn)
 X - a +1 ring mail of poison resistance
 Y - a +0 troll leather armour
Jewellery
 h - a +6 ring of dexterity (left hand)
 o - an amulet of regeneration (around neck)
 D - a ring of see invisible (right hand)
 F - a ring of flight
 H - a ring of ice
 M - a ring of fire
Wands
 e - a wand of paralysis (1)
 k - a wand of flame (34)
 B - a wand of acid (14)
 K - a wand of polymorph (3)
 W - a wand of mindburst (4)
Scrolls
 d - a scroll of enchant armour
 l - 6 scrolls of teleportation
 n - 6 scrolls of amnesia
 Q - a scroll of summoning
 R - a scroll of brand weapon {unknown}
 S - 3 scrolls of enchant weapon
 Z - a scroll of magic mapping
Potions
 f - 4 potions of cancellation
 g - 5 potions of curing
 i - a potion of berserk rage
 j - a potion of ambrosia
 s - 2 potions of mutation
 w - 6 potions of brilliance
 x - 2 potions of flight {unknown}
 z - 2 potions of might
 C - 2 potions of resistance
 N - 2 potions of invisibility
 O - 3 potions of magic
 V - a potion of lignification
Miscellaneous
 t - a tin of tremorstones (2/2)
 L - a phantom mirror (inert)


   Skills:
 + Level 10.6 Fighting
 * Level 9.2 Maces & Flails
 - Level 2.8 Polearms
 + Level 8.9 Armour
 + Level 7.8 Dodging
 - Level 1.7 Stealth
 + Level 6.1 Shields
 + Level 12.4 Spellcasting
 - Level 7.4 Conjurations
 + Level 3.4 Summonings
 - Level 5.8 Fire Magic
 - Level 7.0 Invocations
 + Level 5.3 Evocations


You had 29 spell levels left.
You knew the following spells:

 Your Spells              Type           Power      Damage    Failure   Level
a - Foxfire               Conj/Fire      100%       2x1d9     1%          1
b - Flame Wave            Conj/Fire      33%        2d8       4%          4
c - Magic Dart            Conj           100%       1d8       1%          1
d - Searing Ray           Conj           70%        2d7       1%          2

Your spell library contained the following spells:

 Spells                   Type           Power      Damage    Failure   Level
 Conjure Flame            Conj/Fire      33%        6-21      1%          3
 Inner Flame              Hex/Fire       20%        N/A       5%          3
 Mephitic Cloud           Conj/Pois/Air  18%        N/A       6%          3
 Ignite Poison            Fire/Tmut/Pois 17%        N/A       8%          3
 Fulminant Prism          Conj/Hex       11%        3d9       12%         4
 Confusing Touch          Hex            10%        N/A       16%         3
 Freezing Cloud           Conj/Ice/Air   9%         6-21      47%         5
 Summon Forest            Summ/Tloc      8%         N/A       58%         5
 Summon Mana Viper        Hex/Summ       16%        N/A       58%         5
 Yara's Violent Unravell  Hex/Tmut       5%         3d4       80%         5
 Summon Cactus Giant      Summ           11%        N/A       88%         6
 Enfeeble                 Hex            5%         N/A       100%        7


Dungeon Overview and Level Annotations

Branches:
Dungeon (10/15)            Temple (1/1) D:5            Lair (6/6) D:10
 Spider (0/4) Lair:4        Slime (0/5) Lair:6          Orc (2/2) D:10
    Elf (0/3) Orc:2        Bailey (visited)
  Swamp: Lair:2-4    Shoals: Lair:2-4

Altars:
Ashenzari
Cheibriados
Dithmenos
Elyvilon
Fedhas
Gozag
Hepliaklqana
Kikubaaqudgha
Makhleb
Nemelex Xobeh
Okawaru
Qazlal
Ru
Sif Muna
Trog
Uskayaw
Vehumet
Wu Jian
Xom
Yredelemnul
Zin
The Shining One
Beogh

Shops:
Orc:2 [

Annotations:
D:8 1 runed translucent door, Taeram's ghost, novice TrBe


Innate Abilities, Weirdness & Mutations

Your life essence is reduced to manifest your ancestor. (-10% HP)
You have large cloven feet.
You are completely covered in sharp spines.
You have an absolutely massive brain. (Int +6, Wiz)
A meltable shield of frost defends you. (SH +4)


Message History

The orc priest closely misses Smeagul.
Smeagul gestures at the orc knight while chanting.
The orc knight resists with some effort.
Okay, then.
You sock the orc high priest!
You kick the orc high priest, but do no damage.
The orc high priest is moderately wounded.
The orc priest begins to cast a cantrip, but forgets the words!
The orc high priest calls upon Beogh to heal the orc knight.
The orc knight is healed somewhat.
The orc knight hits Smeagul with a +1 great sword of distortion!!!
Smeagul is destroyed!
The orc high priest is struck by your spines.
The orc high priest closely misses you. You block the ice devil's attack.
The orc knight shouts!
You puncture the orc high priest!
The orc high priest is severely wounded.
The orc priest no longer looks unusually strong.
The orc priest calls upon Beogh to heal the orc knight.
The orc knight is healed somewhat.
The orc high priest is struck by your spines.
The orc high priest misses you. The ice devil is struck by your spines.
The ice devil hits you.
* * * LOW HITPOINT WARNING * * *
The ice devil freezes you!
* * * LOW HITPOINT WARNING * * *
As you read the scroll of summoning, it crumbles to dust.
Wisps of shadow whirl around you...
The orc warrior no longer looks unusually strong.
The orc high priest no longer looks unusually strong.
The orc knight hits your ogre with a +1 great sword of distortion!!!
Your ogre dies!
Your ogre's corpse dissolves into shadows!
The orc high priest invokes the aid of Beogh against you.
Beogh smites you!
* * * LOW HITPOINT WARNING * * *
You block the ice devil's attack.
The orc priest mumbles some strange prayers to Beogh against you.
Beogh smites you!
You die...

....... ##........#.
..#.#..##...........
....#...#..#........
...................#
#...^....#.........
##......).........
###.......).........
##...o.)....#........
##.T.@oo....#).).)....
##.o4.o#####.....)....)
#...o### #........)....
#.oo## ####........#.
#..o# ####.......
##o))# #....... #.o.oo
##....#. ##.รท.3o.
#...... ##...o.o.
##.....


You could see 2 orc knights, 2 orc high priests, an ice devil (summoned, ally
target), an orc warrior, an orc priest (strong), a friendly troll (summoned), a
friendly orc warrior (summoned) and 3 friendly orcs.

Vanquished Creatures
  Jorgrun (Orc:1)
  An orc warlord (Orc:1)
  Snorg (Orc:1)
  3 hydras
  3 catoblepae
  A boulder beetle (Lair:5)
  2 two-headed ogres
  4 death yaks (Lair:6)
  An orc high priest (Orc:2)
  An orc knight (Orc:2)
  A cyclops (D:10)
  2 manticores (Lair:6)
  20 elephants
  5 black mambas
  Joseph (D:9)
  A gargoyle (D:10)
  7 cane toads
  2 rime drakes
  4 komodo dragons
  5 trolls
  Grinder (D:5)
  4 polar bears
  Prince Ribbit (D:8)
  20 blink frogs
  6 dream sheep (Lair:4)
  A wraith (D:9)
  A jumping spider (Lair:4)
  3 wyverns
  2 basilisks
  33 yaks
  A chaos spawn (Abyss:1)
  A steam dragon (D:9)
  3 swamp worms (Lair:3)
  2 wargs (Orc:1)
  16 water moccasins
  20 orc warriors
  2 ice beasts
  8 ogres
  2 sky beasts
  A black bear (Lair:4)
  16 wolves
  3 centaurs
  A phantom (D:4)
  A kobold brigand (D:9)
  8 bullfrogs
  3 scorpions
  A wyvern zombie (D:9)
  A wyvern skeleton (D:5)
  A water moccasin skeleton (D:4)
  A wight (D:10)
  5 electric eels
  2 centaur zombies
  A bullfrog zombie (D:5)
  2 jellies (D:5)
  A bullfrog skeleton (D:4)
  2 hounds (D:5)
  10 orc priests
  Terence (D:2)
  Natasha (D:2)
  A hexer (Bailey)
  12 orc wizards
  2 iguanas
  4 hell rats (Lair:3)
  A killer bee zombie (D:9)
  A hound skeleton (D:4)
  Robin (D:3)
  3 gnolls (D:4)
  4 adders
  2 shadow imps (D:6)
  A white imp (D:7)
  2 ufetubi
  An adder skeleton (D:4)
  4 dart slugs
  73 orcs
  4 ball pythons
  8 endoplasms
  19 goblins
  10 hobgoblins
  4 quokkas
  5 bats
  2 frilled lizards (D:1)
  15 kobolds
  4 rats (D:1)
438 creatures vanquished.

Vanquished Creatures (collateral kills)
  A hydra (Lair:4)
  A catoblepas (Lair:6)
  2 death yaks (Lair:6)
  A lindwurm (Lair:1)
  An orc knight (Bailey)
  An oklob plant (D:10)
  4 elephants
  Psyche (D:7)
  4 komodo dragons
  A troll (D:6)
  A blink frog (Lair:2)
  A dream sheep (Lair:4)
  2 yaks
  A wyvern (D:9)
  A basilisk (Lair:2)
  10 orc warriors
  An ogre (D:6)
  A wolf (Lair:3)
  A centaur (D:6)
  4 bullfrogs
  A centaur zombie (D:6)
  A hound (D:7)
  An orc priest (D:8)
  A centaur skeleton (D:7)
  2 iguanas (D:6)
  4 orc wizards
  A killer bee zombie (D:6)
  2 howler monkey skeletons (D:7)
  18 orcs
  5 foxfires
76 creatures vanquished.

Vanquished Creatures (others)
  13 hexers
  454 foxfires
  31 fungi
  28 plants
  4 toadstools (Lair:1)
530 creatures vanquished.

Grand Total: 1044 creatures vanquished

Notes
Turn   | Place    | Note
-------+----------+-------------------------------------------
     0 | D:1      | adizb the Demonspawn Monk began the quest for the Orb.
     0 | D:1      | Reached XP level 1. HP: 18/18 MP: 1/1
   436 | D:1      | Gained mutation: A meltable shield of frost defends you.
                  | (SH +4) [demonic ancestry]
   436 | D:1      | Reached XP level 2. HP: 20/24 MP: 2/2
   472 | D:1      | Found a faded altar of an unknown god.
  1012 | D:2      | Gained mutation: You have an unusually large brain. (Int
                  | +2) [demonic ancestry]
  1012 | D:2      | Reached XP level 3. HP: 29/29 MP: 4/4
  1277 | D:2      | Noticed Natasha
  1284 | D:2      | Killed Natasha
  1285 | D:2      | Reached skill level 1 in Armour
  1285 | D:2      | Reached skill level 1 in Spellcasting
  1285 | D:2      | Reached XP level 4. HP: 28/37 MP: 5/5
  1512 | D:2      | Noticed Terence
  1530 | D:2      | Killed Terence
  2172 | D:3      | Noticed Robin
  2216 | D:3      | Killed Robin
  2241 | D:3      | Gained mutation: You have large cloven feet. [demonic
                  | ancestry]
  2241 | D:3      | Reached XP level 5. HP: 36/42 MP: 7/7
  3004 | D:4      | Noticed a phantom
  3016 | D:4      | Killed a phantom
  3017 | D:4      | Reached skill level 2 in Spellcasting
  3017 | D:4      | Gained mutation: You are partially covered in sharp spines.
                  | [demonic ancestry]
  3017 | D:4      | Reached XP level 6. HP: 15/49 MP: 7/9
  3574 | D:4      | Noticed an ice beast
  3598 | D:4      | Killed an ice beast
  3599 | D:4      | Reached skill level 5 in Fighting
  3916 | D:4      | Reached XP level 7. HP: 53/56 MP: 10/10
  4059 | D:4      | Found an opulent altar of Gozag.
  4356 | D:5      | Entered Level 5 of the Dungeon
  4605 | D:5      | Reached skill level 3 in Spellcasting
  4802 | D:5      | Noticed Grinder
  4803 | D:5      | Paralysed by Grinder for 2 turns
  4807 | D:5      | Paralysed by Grinder for 3 turns
  4816 | D:5      | Paralysed by Grinder for 5 turns
  4822 | D:5      | Killed Grinder
  4823 | D:5      | Reached skill level 5 in Dodging
  4823 | D:5      | Gained mutation: You have an extremely huge brain. (Int +4)
                  | [demonic ancestry]
  4823 | D:5      | Reached XP level 8. HP: 29/65 MP: 11/13
  5118 | D:5      | HP: 2/97 [ogre/+0 giant club (15)]
  5438 | D:5      | Reached skill level 1 in Conjurations
  5801 | D:5      | Reached skill level 1 in Fire Magic
  5811 | D:5      | Learned a level 1 spell: Foxfire
  5962 | D:5      | Found a staircase to the Ecumenical Temple.
  5970 | Temple   | Entered the Ecumenical Temple
  6036 | Temple   | Became a worshipper of Hepliaklqana the Forgotten
  6036 | Temple   | Reached * piety under Hepliaklqana
  6036 | Temple   | Reached ** piety under Hepliaklqana
  6044 | Temple   | Remembered your ancestor Smeagul as a hexer
  6412 | D:6      | Found an iron altar of Okawaru.
  6418 | D:6      | Noticed a troll
  6434 | D:6      | Killed a troll
  6441 | D:6      | Reached skill level 4 in Spellcasting
  6469 | D:6      | Noticed a boulder beetle
  6576 | D:6      | Identified a scroll of acquirement
  6576 | D:6      | Acquired an amulet of regeneration
  6660 | D:6      | Reached XP level 9. HP: 64/64 MP: 15/15
  6949 | D:7      | Found a shimmering blue altar of Sif Muna.
  7005 | D:7      | Found an ornate altar of the Wu Jian Council.
  7084 | D:7      | Reached *** piety under Hepliaklqana
  7100 | D:7      | Identified the +1 pair of gloves of the Present {Str+6
                  | Slay-4}
  7186 | D:7      | Reached skill level 5 in Spellcasting
  7384 | D:8      | Noticed Psyche
  7401 | D:7      | Cast into level 1 of the Abyss (Psyche)
  7508 | D:7      | Escaped the Abyss
  7516 | D:7      | Killed Psyche
  7517 | D:7      | Reached skill level 1 in Polearms
  7517 | D:7      | Reached skill level 5 in Armour
  7614 | D:8      | Noticed Prince Ribbit
  7630 | D:8      | Killed Prince Ribbit
  7631 | D:8      | Reached skill level 6 in Spellcasting
  7701 | D:8      | Found a burning altar of Makhleb.
  7739 | D:8      | Found a hide-covered altar of Uskayaw.
  7895 | D:8      | Noticed Taeram's ghost (novice TrBe)
  7906 | D:8      | Found a runed translucent door.
  8248 | D:9      | Found a flagged portal.
  8270 | Bailey   | Entered a bailey
  8351 | Bailey   | Reached XP level 10. HP: 71/72 MP: 15/19
  8453 | Bailey   | Noticed an orc knight
  8551 | Bailey   | Reached skill level 7 in Spellcasting
  8551 | Bailey   | Killed an orc knight
  8552 | Bailey   | Reached skill level 5 in Conjurations
  8684 | D:9      | Reached **** piety under Hepliaklqana
  8803 | D:9      | Noticed Joseph
  8812 | D:9      | Killed Joseph
  9012 | D:9      | Identified the +5 morningstar "Jathry" {spect, rPois}
  9027 | D:9      | Learned a level 4 spell: Flame Wave
  9065 | D:9      | Reached skill level 8 in Spellcasting
  9076 | D:9      | Reached skill level 1 in Shields
  9101 | D:9      | Learned a level 1 spell: Magic Dart
  9104 | D:9      | Learned a level 2 spell: Searing Ray
  9387 | D:10     | Entered Level 10 of the Dungeon
  9401 | D:10     | Noticed a gargoyle
  9404 | D:10     | Noticed a cyclops
  9484 | D:10     | Noticed a two-headed ogre
  9489 | D:10     | Killed a two-headed ogre
  9490 | D:10     | Gained mutation: You are mostly covered in sharp spines.
                  | [demonic ancestry]
  9490 | D:10     | Reached XP level 11. HP: 78/78 MP: 20/23
  9570 | D:10     | Found a staircase to the Lair.
  9574 | D:10     | Noticed an oklob plant
  9644 | D:10     | Found the +8 demon blade "Leech" {vamp, Harm Drain rN+}
  9775 | D:10     | Reached skill level 9 in Spellcasting
  9949 | Lair:1   | Entered Level 1 of the Lair of Beasts
 10274 | Lair:1   | Reached skill level 1 in Invocations
 10280 | Lair:1   | Noticed a lindwurm
 10289 | Lair:1   | Killed a lindwurm
 10467 | Lair:1   | Reached skill level 10 in Spellcasting
 10501 | Lair:1   | Reached ***** piety under Hepliaklqana
 10627 | Lair:2   | Reached skill level 5 in Maces & Flails
 10633 | Lair:2   | Reached skill level 5 in Fire Magic
 10700 | Lair:2   | Noticed a catoblepas
 10710 | Lair:2   | Killed a catoblepas
 10731 | Lair:2   | Gained mutation: You have an absolutely massive brain. (Int
                  | +6, Wiz) [demonic ancestry]
 10731 | Lair:2   | Reached XP level 12. HP: 85/85 MP: 17/26
 11227 | Lair:3   | Reached skill level 1 in Evocations
 11736 | Lair:4   | Found a hole to the Spider Nest.
 11801 | Lair:4   | Identified the +2 ring mail of the Sacrificial Victim {rN++
                  | Dex-2}
 11815 | Lair:4   | Reached skill level 5 in Invocations
 11868 | Lair:4   | Reached skill level 11 in Spellcasting
 11869 | Lair:4   | Noticed an eight-headed hydra
 11879 | Lair:4   | Killed an eight-headed hydra
 11880 | Lair:4   | Gained mutation: You are completely covered in sharp
                  | spines. [demonic ancestry]
 11880 | Lair:4   | Reached XP level 13. HP: 42/91 MP: 15/28
 12062 | Lair:4   | Identified the +10 rapier of Severance {vorpal, Int+3}
 12265 | Lair:5   | Reached skill level 5 in Shields
 12528 | Lair:5   | Reached skill level 10 in Fighting
 12760 | Lair:6   | Entered Level 6 of the Lair of Beasts
 12857 | Lair:6   | Found a staircase to the Slime Pits.
 12974 | Lair:6   | Reached ****** piety under Hepliaklqana
 12988 | Lair:6   | Reached skill level 1 in Summonings
 13225 | Lair:6   | Reached skill level 12 in Spellcasting
 13225 | Lair:6   | Reached XP level 14. HP: 34/99 MP: 13/30
 13625 | Lair:6   | Reached skill level 5 in Evocations
 13822 | D:10     | Found a staircase to the Orcish Mines.
 13832 | Orc:1    | Entered Level 1 of the Orcish Mines
 13832 | Orc:1    | Noticed Jorgrun
 13833 | Orc:1    | Noticed Snorg
 13847 | Orc:1    | Killed Jorgrun
 13848 | Orc:1    | Killed Snorg
 13977 | Orc:2    | Entered Level 2 of the Orcish Mines
 13977 | Orc:2    | Found Zaonez's Antique Armour Emporium.
 13984 | Orc:2    | Noticed an orc warlord
 14065 | Orc:1    | Killed an orc warlord
 14117 | Orc:2    | Found a staircase to the Elven Halls.
 14281 | Orc:2    | HP: 1/99 [ice devil[an orc high priest] (7)]
 14287 | Orc:2    | Killed from afar by an orc priest

Illustrated notes

Levels and vault maps discovered:
D:1:      giann_wishing_wells, layout_basic,
          shapermc_ecumenical_altar_totnotflames, hangedman_abyss_or_decor_stabs
D:2:      layout_loops_ring, nicolae_concentric_dashed_squares_wild,
          uniq_natasha, uniq_terence
D:3:      layout_basic, uniq_robin
D:4:      layout_loops_ring, mainiacjoe_overflow_cross_hatched, tso_oasis_becter
D:5:      layout_gridville, minmay_temple_entry_trees, uniq_grinder
D:6:      layout_basic, amcnicky_altar_gilded, zin_academy,
          minmay_manual_monolith
D:7:      layout_rooms, nicolae_wu_jian_wuxing_cycle,
          mainiacjoe_overflow_alcove_1, minmay_tree_intersection,
          kennysheep_crisscross
D:8:      layout_cave_pools, mainiacjoe_overflow_six_doors_small,
          lightli_temple_of_fire, hellmonk_ghost_big_iron, special_room
          [special_room_orc], minmay_holes, st_stairs_7, uniq_prince_ribbit1,
          uniq_psyche
D:9:      layout_stronghold, enter_bailey_5, minmay_misc_feat_tiny,
          abandoned_shop, minmay_increasing_density, uniq_joseph
D:10:     layout_roguey, dpeg_oklobed_lair, orc_0_dummy, st_stairs_11,
          dreamdust_deal_with_the_devil, minivault_13, uniq_maggie
Temple:   eino_temple_water
Lair:1:   gammafunk_lair_enchanted_lake, layout_regular_city, fungi_pond_lemuel,
          serial_bayou_lake_a
Lair:2:   layout_cave_shapes, grunt_megastairs_1, infiniplex_staircase_pool
Lair:3:   layout_regular_city, palyth_hydra_swamp_entry, lemuel_fruit_fields
Lair:4:   layout_hall_layers, spider_nest_entry_a, minivault_19,
          gammafunk_lair_bear_cave
Lair:5:   layout_loops_ring, grunt_megastairs_3, serial_bayou_shore_b
Lair:6:   evilmike_catoblepas_cave, layout_regular_city,
          minmay_slime_entry_oklob_enclosed, minmay_hedge_maze, st_stairs_12,
          serial_bayou_lagoon_b
Orc:1:    layout_caves, serial_shops, nicolae_lakefront_shop, uniq_jorgrun,
          uniq_nergalle, uniq_snorg
Orc:2:    grunt_orc_tribal_feast, layout_caves, serial_shops, shop

Skill      XL: |  1  2  3  4  5  6  7  8  9 10 11 12 13 14 |
---------------+-------------------------------------------+-----
Dodging        | 3 4 5 6 7 |  7.8
Armour         | 1 2 3 4 5 6 7 8 |  8.9
Spellcasting   | 1 2 3 4 6 8 10 11 12 | 12.4
Fighting       | 4 5 6 7 8 9 10 | 10.6
Conjurations   | 2 4 5 6 7 |  7.4
Fire Magic     | 1 3 4 5 |  5.8
Maces & Flails | 3 5 7 8 9 |  9.2
Polearms       | 2 |  2.8
Shields        | 2 4 5 6 |  6.1
Invocations    | 2 5 7 |  7.0
Evocations     | 3 4 5 |  5.3
Summonings     | 2 3 |  3.4
Stealth        | |  1.7

Action                   |  1- 3 |  4- 6 |  7- 9 | 10-12 | 13-15 || total
-------------------------+-------+-------+-------+-------+-------++-------
Melee: Mace              |    91 |   178 |   110 |       |       ||   379
       Punch             |     2 |     4 |     5 |       |       ||    11
       Kick              |       |    31 |    66 |   107 |   112 ||   316
       Trident           |       |       |    76 |    26 |       ||   102
       Morningstar       |       |       |       |   221 |   277 ||   498
Throw: Dart              |       |    16 |    31 |       |       ||    47
 Cast: Foxfire           |       |       |    76 |   133 |    48 ||   257
       Magic Dart        |       |       |       |     5 |       ||     5
       Flame Wave        |       |       |       |     3 |     7 ||    10
Invok: Ancestor Life: He |       |       |     1 |       |       ||     1
       Ancestor Identity |       |       |     1 |       |       ||     1
       Recall Ancestor   |       |       |     2 |       |       ||     2
       Idealise          |       |       |       |     1 |     2 ||     3
Evoke: Phantom mirror    |       |       |       |       |     1 ||     1
  Use: Scroll            |     2 |     5 |    12 |    10 |     4 ||    33
       Potion            |     1 |     1 |     1 |     1 |     2 ||     6
 Stab: Sleeping          |     7 |       |       |     1 |       ||     8
       Confused          |       |       |     6 |     3 |     4 ||    13
       Distracted        |       |       |     2 |     3 |    13 ||    18
Armor: Robe              |     8 |     1 |       |       |       ||     9
       Scale mail        |       |    43 |    40 |       |       ||    83
       Ring mail         |       |       |    15 |    76 |    84 ||   175
Dodge: Dodged            |    52 |    79 |    91 |   172 |   149 ||   543
Block: Other             |     8 |    25 |    33 |    13 |       ||    79
       Buckler           |       |       |       |   143 |   198 ||   341
